 Dungeon Crawl Stone Soup version 0.14-a0-1007-gacdcbbe (webtiles) character file.

72 PolkaDot the Ruinous (level 3, -5/24 HPs)
             Began as a Vampire Conjurer on Nov 22, 2013.
             Killed from afar by Jessica (9 damage)
             ... with a wand of frost
             ... on Level 2 of the Dungeon.
             The game lasted 00:02:32 (796 turns).

PolkaDot the Ruinous (Vampire Conjurer)              Turns: 796, Time: 00:02:32

HP  -5/24        AC  2     Str 12      XL: 3   Next:  7%
MP   6/7         EV 12     Int 18      God:
Gold 41          SH  0     Dex 14      Spells:  2 memorised,  2 levels left

Res.Fire  : . . .   See Invis. : +   e - +2,+1 dagger (venom)
Res.Cold  : . . .   Warding    : .   a - +0 robe
Life Prot.: . . .   Conserve   : .   (no shield)
Res.Poison: .       Res.Corr.  : .   (no helmet)
Res.Elec. : .       Clarity    : .   (no cloak)
Sust.Abil.: . .     Spirit.Shd : .   (no gloves)
Res.Mut.  : .       Stasis     : .   (no boots)
Res.Rott. : .       Flight     : .   (no amulet)
Saprovore : . . .                    (no ring)
                                     (no ring)

@: regenerating very quickly, mighty, slightly resistant to hostile
enchantments, stealthy
A: fangs 3, see invisible, unbreathing
a: no special abilities


You were on level 2 of the Dungeon.
You were almost alive.

You visited 1 branch of the dungeon, and saw 2 of its levels.

You collected 41 gold pieces.

Inventory:

Hand weapons
 e - a +2,+1 dagger of venom (weapon)
Armour
 a - a +0 robe (worn)
Scrolls
 d - a scroll of curse jewellery {unknown}
 g - a scroll of curse weapon {unknown}
 h - a scroll of enchant weapon I {unknown}
 i - a scroll of teleportation {unknown}
Potions
 b - a potion of blood
Books
 c - a book of Conjurations

   Spells                             Type                      Level
   *Magic Dart                        Conjuration                  1
   *Searing Ray                       Conjuration                  2
   Dazzling Spray                     Conjuration/Hexes            3
   Iskenderun's Mystic Blast          Conjuration                  4
   Iskenderun's Battlesphere          Conjuration/Charms           4
   Fulminant Prism                    Conjuration/Hexes            5


   Skills:
 - Level 2.1 Dodging
 - Level 3.0 Stealth
 + Level 1.8 Spellcasting
 * Level 3.4 Conjurations


You had 2 spell levels left.
You knew the following spells:

 Your Spells              Type           Power        Failure   Level  Hunger
a - Magic Dart            Conj           ##..         6%          1    #......
s - Searing Ray           Conj           ##....       10%         2    ###....


Dungeon Overview and Level Annotations

Branches:
Dungeon (2/16)

Altars:

Annotations:
D:2 Jessica


Innate Abilities, Weirdness & Mutations

Your natural rate of healing is extremely fast.
You have razor-sharp teeth.*
You have supernaturally acute eyesight.
You can survive without breathing.*


Message History

Drink which item? (? for menu, Esc to quit)
You feel very mighty all of a sudden.
It was a potion of might.
Jessica zaps a wand.
The puff of frost hits you!
* * * LOW HITPOINT WARNING * * *
Jessica grins evilly.
Jessica barely misses you.
You barely miss Jessica.
Jessica casts a spell.
Jessica blinks!
Casting: Magic Dart
Confirm with . or Enter, or press ? or * to list all spells.
Aiming: Magic Dart
Press: ? - help, Shift-Dir - straight line, f - Jessica
Aim: Jessica, wielding an orcish dagger, wearing a robe and carrying a wand of frost {zapped: 2} The magic dart hits Jessica.
Jessica mumbles some strange words.
Jessica blinks!
Jessica zaps a wand.
The puff of frost misses you.
Jessica zaps a wand.
The puff of frost hits you!
You die...

#####..#
#......
#......#
#######
#....).#
..##!.....#
...........#
....!.....#
........@.#
..######..#
#.@#
#........#
#.....$..#
#..!......#
#.........#
..?...l..#
....#.###
...#.# #.#


You could see Jessica and a giant newt.

Vanquished Creatures
  2 giant geckos (D:1)
  A ball python (D:1)
  A giant cockroach (D:2)
  3 hobgoblins
  A quokka (D:2)
  4 bats
  3 giant newts (D:1)
  6 goblins
  4 kobolds (D:1)
  3 rats (D:1)
28 creatures vanquished.

Notes
Turn   | Place    | Note
--------------------------------------------------------------
     0 | D:1      | PolkaDot, the Vampire Conjurer, began the quest for the Orb.
     0 | D:1      | Reached XP level 1. HP: 13/13 MP: 4/4
   280 | D:1      | Reached XP level 2. HP: 19/19 MP: 5/5
   661 | D:2      | Reached XP level 3. HP: 8/24 MP: 7/7
   676 | D:2      | Learned a level 2 spell: Searing Ray
   787 | D:2      | Noticed Jessica
   796 | D:2      | Killed from afar by Jessica

Action                   || total
-------------------------++-------
Melee: Dagger            ||    54
 Cast: Magic Dart        ||    12
  Use: Potion            ||     1
 Stab: Sleeping          ||     3
